[ AOE2 MATCH · #505549426 ]
UnrankedHuns vs Mongols
[ REPLAY ANALYSIS · EXTRACTED FROM THE RECORDED GAME ]
Feudal
13:44
Castle
28:13
Imperial
—
| APM avg | 38.3 |
| APM peak | 89 |
| eAPM avg | 11.0 |
| Villagers / military | 106 / 70 |
Focus
⚔️ 22.3% · 🌾 77.7%
Cavalry Archer ×53 · Archer ×17
Feudal
15:42
Castle
19:12
Imperial
37:55
| APM avg | 28.9 |
| APM peak | 58 |
| eAPM avg | 22.3 |
| Villagers / military | 187 / 158 |
Focus
⚔️ 30.1% · 🌾 69.9%
Mangudai ×119 · Steppe Lancer ×38 · Monk ×1
Feudal
12:04
Castle
16:49
Imperial
33:42
| APM avg | 39.0 |
| APM peak | 83 |
| eAPM avg | 29.1 |
| Villagers / military | 170 / 178 |
Focus
⚔️ 30.2% · 🌾 69.8%
Scout Cavalry ×178
Feudal
13:46
Castle
17:30
Imperial
—
| APM avg | 24.8 |
| APM peak | 56 |
| eAPM avg | 12.3 |
| Villagers / military | 112 / 72 |
Focus
⚔️ 25.2% · 🌾 74.8%
Rattan Archer ×64 · Mangonel ×6 · Monk ×2
Feudal
14:02
Castle
17:57
Imperial
40:22
| APM avg | 36.3 |
| APM peak | 80 |
| eAPM avg | 23.9 |
| Villagers / military | 155 / 49 |
Focus
⚔️ 15.2% · 🌾 84.8%
Militia ×21 · Scorpion ×13 · Battering Ram ×12 · Mangonel ×2 · Monk ×1
Feudal
12:52
Castle
38:59
Imperial
—
| APM avg | 20.9 |
| APM peak | 43 |
| eAPM avg | 11.8 |
| Villagers / military | 86 / 12 |
Focus
⚔️ 30.8% · 🌾 69.2%
Scout Cavalry ×12
Feudal
12:29
Castle
23:21
Imperial
36:49
| APM avg | 33.4 |
| APM peak | 68 |
| eAPM avg | 21.3 |
| Villagers / military | 168 / 78 |
Focus
⚔️ 29.2% · 🌾 70.8%
Knight ×59 · Trebuchet (Packed) ×8 · Monk ×4 · Scout Cavalry ×4 · Spearman ×3
Feudal
20:01
Castle
26:54
Imperial
—
| APM avg | 11.3 |
| APM peak | 36 |
| eAPM avg | 7.5 |
| Villagers / military | 57 / 4 |
Focus
⚔️ 19.7% · 🌾 80.3%
Scorpion ×4
Match map
Initial resources + every placement click. Lines = walls · curves = elevation contours. ◆ gold · ⬟ stone · ● berries · ✦ relic · ◌ wall gap
Your base· Open — 11t gap
PSX | King's base· Open — unwalled flank
BateFoFo's base· Open — unwalled flank
Matasariano9065's base· Open — 10t gap
JSJE's base· Open — unwalled flank
Cristian Monzon's base· Open — 15t gap
SpawnShark's base· Open — 6t gap
CTM | Franco*'s base· Open — unwalled flank
Smoothed initial terrain · ◌ = detected wall gap · hover for details
Inputs per minute
— Melioth - - PSX | King
Build order — Melioth
First 150 of 207 actions detected
| 0:22 | Build | Town Center |
| 2:58 | Queue | Villager (Male) |
| 2:58 | Queue | Villager (Male) |
| 2:58 | Queue | Villager (Male) |
| 3:26 | Research | Loom |
| 3:48 | Queue | Villager (Male) |
| 3:48 | Queue | Villager (Male) |
| 4:21 | Queue | Villager (Male) |
| 5:11 | Queue | Villager (Male) |
| 5:11 | Queue | Villager (Male) |
| 5:40 | Build | Palisade Gate |
| 6:04 | Queue | Villager (Male) |
| 6:04 | Queue | Villager (Male) |
| 6:20 | Queue | Villager (Male) |
| 7:00 | Queue | Villager (Male) |
| 7:20 | Build | Mill |
| 7:29 | Queue | Villager (Male) |
| 7:52 | Queue | Villager (Male) |
| 8:30 | Queue | Villager (Male) |
| 8:46 | Queue | Villager (Male) |
| 9:07 | Queue | Villager (Male) |
| 9:23 | Queue | Villager (Male) |
| 9:47 | Queue | Villager (Male) |
| 9:56 | Build | Lumber Camp |
| 10:28 | Queue | Villager (Male) |
| 11:09 | Queue | Villager (Male) |
| 11:30 | Research | Feudal Age |
| 11:43 | Build | Mining Camp |
| 12:48 | Queue | Villager (Male) |
| 12:53 | Build | Barracks |
| 13:43 | Queue | Villager (Male) |
| 13:44 | Age | Feudal Age |
| 13:49 | Build | Archery Range |
| 13:54 | Queue | Villager (Male) |
| 14:13 | Queue | Villager (Male) |
| 14:19 | Build | Archery Range |
| 14:24 | Queue | Archer |
| 14:26 | Queue | Villager (Male) |
| 14:32 | Research | Double-Bit Axe |
| 14:36 | Queue | Archer |
| 14:54 | Queue | Villager (Male) |
| 15:04 | Queue | Archer |
| 15:26 | Queue | Archer |
| 15:27 | Queue | Archer |
| 15:31 | Queue | Villager (Male) |
| 15:45 | Queue | Archer |
| 16:03 | Build | Blacksmith |
| 16:26 | Queue | Archer ×2 |
| 16:30 | Queue | Villager (Male) |
| 16:44 | Queue | Archer |
| 16:53 | Queue | Archer |
| 17:02 | Queue | Villager (Male) |
| 17:36 | Queue | Archer ×2 |
| 17:38 | Queue | Villager (Male) |
| 17:58 | Research | Fletching |
| 18:21 | Queue | Villager (Male) |
| 18:36 | Build | Farm |
| 18:36 | Build | Farm |
| 18:36 | Build | Farm |
| 18:37 | Build | Farm |
| 18:38 | Build | Farm |
| 19:14 | Queue | Villager (Male) |
| 19:15 | Queue | Villager (Male) |
| 19:47 | Queue | Villager (Male) |
| 19:50 | Queue | Archer ×5 |
| 20:48 | Queue | Villager (Male) |
| 20:53 | Build | Mill |
| 20:54 | Build | Farm |
| 20:55 | Build | Farm |
| 20:55 | Build | Farm |
| 20:55 | Build | Farm |
| 20:56 | Build | Farm |
| 21:28 | Queue | Villager (Male) |
| 21:35 | Build | Mill |
| 21:37 | Build | Farm |
| 21:37 | Build | Farm |
| 21:37 | Build | Farm |
| 21:37 | Build | Farm |
| 21:38 | Build | Farm |
| 21:41 | Research | Horse Collar |
| 21:59 | Queue | Villager (Male) |
| 22:25 | Queue | Villager (Male) |
| 22:33 | Build | Farm |
| 22:37 | Queue | Villager (Male) |
| 23:04 | Queue | Villager (Male) |
| 23:10 | Build | Farm |
| 23:21 | Build | Mill |
| 23:25 | Build | Farm |
| 23:31 | Queue | Villager (Male) |
| 23:46 | Build | Farm |
| 23:49 | Queue | Villager (Male) |
| 24:43 | Queue | Villager (Male) |
| 24:46 | Queue | Villager (Male) |
| 24:53 | Build | Archery Range |
| 25:24 | Research | Castle Age |
| 26:05 | Research | Padded Archer Armor |
| 26:54 | Research | Gold Mining |
| 26:54 | Research | Stone Mining |
| 27:29 | Build | Archery Range |
| 27:49 | Build | Lumber Camp |
| 28:13 | Age | Castle Age |
| 28:16 | Build | Town Center |
| 28:17 | Queue | Villager (Male) |
| 28:20 | Research | Bow Saw |
| 28:22 | Research | Gold Shaft Mining |
| 28:25 | Queue | Villager (Male) |
| 28:28 | Research | Thumb Ring |
| 28:28 | Queue | Cavalry Archer ×5 |
| 28:37 | Build | Stable |
| 28:42 | Build | University |
| 28:49 | Queue | Villager (Male) |
| 29:10 | Research | Crossbowman (upgrade) |
| 29:13 | Queue | Cavalry Archer ×5 |
| 29:28 | Queue | Villager (Male) |
| 29:29 | Queue | Villager (Male) |
| 29:36 | Research | Bodkin Arrow |
| 30:05 | Queue | Cavalry Archer ×5 |
| 30:08 | Queue | Villager (Male) |
| 30:08 | Queue | Villager (Male) |
| 30:22 | Build | Lumber Camp |
| 31:10 | Queue | Villager (Male) |
| 31:11 | Queue | Villager (Male) |
| 31:12 | Queue | Villager (Male) |
| 31:12 | Queue | Villager (Male) |
| 31:12 | Research | Wheelbarrow |
| 31:35 | Research | Ballistics |
| 31:38 | Queue | Villager (Male) |
| 31:39 | Queue | Villager (Male) |
| 31:39 | Queue | Villager (Male) |
| 31:39 | Queue | Villager (Male) |
| 31:39 | Queue | Villager (Male) |
| 32:08 | Queue | Villager (Male) |
| 32:08 | Queue | Villager (Male) |
| 32:09 | Queue | Villager (Male) |
| 32:12 | Queue | Cavalry Archer ×5 |
| 32:31 | Queue | Cavalry Archer ×5 |
| 32:34 | Research | Leather Archer Armor |
| 32:40 | Research | Husbandry |
| 32:59 | Research | Bloodlines |
| 33:02 | Queue | Villager (Male) |
| 33:05 | Queue | Cavalry Archer ×5 |
| 33:18 | Queue | Villager (Male) |
| 33:18 | Queue | Villager (Male) |
| 33:19 | Queue | Villager (Male) |
| 33:19 | Queue | Villager (Male) |
| 33:24 | Queue | Cavalry Archer ×4 |
| 33:42 | Build | Mining Camp |
| 33:51 | Queue | Cavalry Archer ×4 |
| 34:18 | Queue | Villager (Male) |
| 34:18 | Queue | Villager (Male) |
Build order — PSX | King
First 150 of 458 actions detected
| 0:54 | Build | Town Center |
| 1:24 | Build | House |
| 1:26 | Build | House |
| 3:06 | Queue | Villager (Male) |
| 3:06 | Queue | Villager (Male) |
| 3:07 | Queue | Villager (Male) |
| 3:07 | Queue | Villager (Male) |
| 4:06 | Queue | Villager (Male) |
| 4:07 | Queue | Villager (Male) |
| 5:10 | Queue | Villager (Male) |
| 5:10 | Queue | Villager (Male) |
| 5:10 | Queue | Villager (Male) |
| 5:11 | Queue | Villager (Male) |
| 5:11 | Queue | Villager (Male) |
| 5:36 | Research | Loom |
| 5:37 | Queue | Villager (Male) |
| 5:37 | Queue | Villager (Male) |
| 5:37 | Queue | Villager (Male) |
| 5:38 | Queue | Villager (Male) |
| 5:55 | Queue | Villager (Male) |
| 6:20 | Queue | Villager (Male) |
| 6:20 | Queue | Villager (Male) |
| 6:25 | Build | Palisade Wall |
| 6:31 | Queue | Villager (Male) |
| 6:32 | Queue | Villager (Male) |
| 6:39 | Build | House |
| 6:48 | Queue | Villager (Male) |
| 6:53 | Build | House |
| 7:02 | Queue | Villager (Male) |
| 7:02 | Queue | Villager (Male) |
| 7:24 | Build | House |
| 7:56 | Build | Lumber Camp |
| 7:56 | Queue | Villager (Male) |
| 7:57 | Queue | Villager (Male) |
| 7:57 | Queue | Villager (Male) |
| 8:03 | Build | House |
| 8:06 | Queue | Villager (Male) |
| 8:58 | Queue | Villager (Male) |
| 11:27 | Build | Mill |
| 11:30 | Queue | Villager (Male) |
| 11:47 | Build | House |
| 12:03 | Queue | Villager (Male) |
| 12:19 | Queue | Villager (Male) |
| 13:06 | Queue | Villager (Male) |
| 13:15 | Research | Feudal Age |
| 13:36 | Build | Mining Camp |
| 14:18 | Queue | Villager (Male) |
| 14:33 | Queue | Villager (Male) |
| 15:42 | Age | Feudal Age |
| 15:43 | Build | Market |
| 15:44 | Build | Blacksmith |
| 15:46 | Research | Double-Bit Axe |
| 16:11 | Build | Farm |
| 16:12 | Build | Farm |
| 16:12 | Build | Farm |
| 16:13 | Build | Farm |
| 16:16 | Build | Farm |
| 16:31 | Research | Castle Age |
| 16:32 | Research | Castle Age |
| 16:56 | Research | Horse Collar |
| 16:57 | Research | Gold Mining |
| 17:32 | Queue | Villager (Male) |
| 18:11 | Queue | Villager (Male) |
| 18:21 | Build | House |
| 18:22 | Build | House |
| 19:12 | Age | Castle Age |
| 19:14 | Build | Town Center |
| 19:27 | Build | Town Center |
| 19:31 | Queue | Villager (Male) |
| 19:44 | Research | Wheelbarrow |
| 20:13 | Queue | Villager (Male) |
| 20:22 | Queue | Villager (Male) |
| 20:22 | Queue | Villager (Male) |
| 20:22 | Queue | Villager (Male) |
| 20:29 | Research | Town Watch |
| 21:04 | Build | Castle |
| 21:07 | Build | Mining Camp |
| 21:08 | Queue | Villager (Male) |
| 21:09 | Queue | Villager (Male) |
| 21:22 | Research | Fletching |
| 21:23 | Queue | Villager (Male) |
| 21:28 | Queue | Villager (Male) |
| 21:29 | Queue | Villager (Male) |
| 21:29 | Queue | Villager (Male) |
| 21:29 | Queue | Villager (Male) |
| 21:34 | Build | Farm |
| 21:44 | Build | Farm |
| 21:45 | Build | Farm |
| 21:48 | Queue | Villager (Male) |
| 21:59 | Build | Farm |
| 22:00 | Queue | Villager (Male) |
| 22:30 | Build | Town Center |
| 22:32 | Queue | Villager (Male) |
| 22:32 | Queue | Villager (Male) |
| 22:32 | Queue | Villager (Male) |
| 22:40 | Build | Farm |
| 22:41 | Build | Farm |
| 22:43 | Queue | Villager (Male) |
| 22:58 | Queue | Villager (Male) |
| 22:58 | Queue | Villager (Male) |
| 23:00 | Queue | Villager (Male) |
| 23:00 | Queue | Villager (Male) |
| 23:04 | Build | Farm |
| 23:09 | Build | Farm |
| 23:10 | Queue | Villager (Male) |
| 23:10 | Queue | Villager (Male) |
| 23:14 | Queue | Villager (Male) |
| 23:14 | Queue | Villager (Male) |
| 23:27 | Build | Farm |
| 23:28 | Queue | Villager (Male) |
| 23:32 | Build | House |
| 23:32 | Build | House |
| 23:45 | Queue | Villager (Male) |
| 23:45 | Queue | Villager (Male) |
| 23:47 | Build | Farm |
| 23:57 | Build | Farm |
| 23:58 | Queue | Villager (Male) |
| 23:58 | Queue | Villager (Male) |
| 24:14 | Queue | Villager (Male) |
| 24:14 | Queue | Villager (Male) |
| 24:14 | Queue | Villager (Male) |
| 24:21 | Build | House |
| 24:22 | Build | House |
| 24:25 | Build | House |
| 24:26 | Queue | Villager (Male) |
| 24:26 | Queue | Villager (Male) |
| 24:30 | Build | Farm |
| 24:39 | Queue | Villager (Male) |
| 24:39 | Queue | Villager (Male) |
| 24:43 | Build | Farm |
| 24:45 | Build | Farm |
| 24:47 | Queue | Villager (Male) |
| 24:47 | Queue | Villager (Male) |
| 24:51 | Build | Castle |
| 24:54 | Queue | Villager (Male) |
| 24:55 | Queue | Villager (Male) |
| 25:03 | Queue | Villager (Male) |
| 25:03 | Queue | Villager (Male) |
| 25:03 | Queue | Villager (Male) |
| 25:07 | Queue | Villager (Male) |
| 25:07 | Queue | Villager (Male) |
| 25:07 | Queue | Villager (Male) |
| 25:11 | Build | Farm |
| 25:16 | Build | Farm |
| 25:17 | Queue | Villager (Male) |
| 25:17 | Queue | Villager (Male) |
| 25:20 | Build | House |
| 25:26 | Queue | Villager (Male) |
| 25:42 | Queue | Villager (Male) |
| 25:42 | Queue | Villager (Male) |
Build order — BateFoFo
First 150 of 575 actions detected
| 0:19 | Build | Town Center |
| 2:03 | Build | House |
| 2:23 | Queue | Villager (Male) |
| 2:24 | Queue | Villager (Male) |
| 2:24 | Queue | Villager (Male) |
| 2:24 | Queue | Villager (Male) |
| 2:24 | Queue | Villager (Male) |
| 2:25 | Queue | Villager (Male) |
| 3:20 | Queue | Villager (Male) |
| 3:20 | Queue | Villager (Male) |
| 3:20 | Queue | Villager (Male) |
| 3:51 | Queue | Villager (Male) |
| 3:51 | Queue | Villager (Male) |
| 4:17 | Build | House |
| 4:19 | Build | Lumber Camp |
| 4:34 | Build | Lumber Camp |
| 4:36 | Queue | Villager (Male) |
| 4:37 | Queue | Villager (Male) |
| 5:18 | Queue | Villager (Male) |
| 5:19 | Queue | Villager (Male) |
| 5:19 | Queue | Villager (Male) |
| 5:19 | Queue | Villager (Male) |
| 5:19 | Queue | Villager (Male) |
| 5:19 | Queue | Villager (Male) |
| 5:48 | Queue | Villager (Male) |
| 5:48 | Queue | Villager (Male) |
| 6:23 | Build | House |
| 6:55 | Build | Mill |
| 7:26 | Queue | Villager (Male) |
| 7:45 | Build | House |
| 7:51 | Queue | Villager (Male) |
| 8:27 | Queue | Villager (Male) |
| 8:41 | Queue | Villager (Male) |
| 9:08 | Research | Loom |
| 9:42 | Build | House |
| 9:52 | Research | Feudal Age |
| 10:31 | Queue | Villager (Male) |
| 10:31 | Queue | Villager (Male) |
| 10:31 | Queue | Villager (Male) |
| 10:31 | Queue | Villager (Male) |
| 10:31 | Queue | Villager (Male) |
| 12:04 | Age | Feudal Age |
| 13:03 | Build | Mining Camp |
| 13:10 | Build | Market |
| 13:12 | Build | Blacksmith |
| 13:31 | Queue | Villager (Male) |
| 14:06 | Research | Castle Age |
| 14:06 | Research | Castle Age |
| 14:10 | Research | Double-Bit Axe |
| 14:10 | Research | Double-Bit Axe |
| 14:11 | Research | Horse Collar |
| 14:12 | Research | Horse Collar |
| 15:55 | Research | Fletching |
| 16:49 | Age | Castle Age |
| 16:55 | Build | Town Center |
| 17:01 | Research | Bow Saw |
| 17:02 | Research | Wheelbarrow |
| 17:02 | Research | Town Watch |
| 17:24 | Build | Town Center |
| 18:13 | Queue | Villager (Male) |
| 18:13 | Queue | Villager (Male) |
| 18:18 | Queue | Villager (Male) |
| 18:19 | Queue | Villager (Male) |
| 18:19 | Queue | Villager (Male) |
| 18:20 | Queue | Villager (Male) |
| 18:44 | Build | Mill |
| 19:27 | Queue | Villager (Male) |
| 19:28 | Queue | Villager (Male) |
| 19:36 | Build | Farm |
| 19:41 | Build | Farm |
| 19:47 | Queue | Villager (Male) |
| 19:47 | Queue | Villager (Male) |
| 19:47 | Queue | Villager (Male) |
| 20:01 | Queue | Villager (Male) |
| 20:02 | Queue | Villager (Male) |
| 20:02 | Queue | Villager (Male) |
| 20:02 | Queue | Villager (Male) |
| 20:18 | Build | Farm |
| 20:30 | Queue | Villager (Male) |
| 20:30 | Queue | Villager (Male) |
| 20:33 | Build | Farm |
| 20:50 | Build | House |
| 20:53 | Build | House |
| 20:56 | Queue | Villager (Male) |
| 20:57 | Queue | Villager (Male) |
| 21:01 | Queue | Villager (Male) |
| 21:01 | Queue | Villager (Male) |
| 21:01 | Queue | Villager (Male) |
| 21:10 | Build | Castle |
| 21:20 | Build | Farm |
| 21:23 | Build | Farm |
| 21:26 | Queue | Villager (Male) |
| 21:27 | Queue | Villager (Male) |
| 21:27 | Queue | Villager (Male) |
| 21:50 | Queue | Villager (Male) |
| 21:50 | Queue | Villager (Male) |
| 21:57 | Build | House |
| 22:05 | Build | Farm |
| 22:12 | Queue | Villager (Male) |
| 22:13 | Queue | Villager (Male) |
| 22:15 | Build | Farm |
| 22:18 | Queue | Villager (Male) |
| 22:18 | Queue | Villager (Male) |
| 22:21 | Build | Farm |
| 22:33 | Queue | Villager (Male) |
| 22:33 | Queue | Villager (Male) |
| 22:33 | Queue | Villager (Male) |
| 22:37 | Build | Farm |
| 23:05 | Build | Farm |
| 23:07 | Build | Farm |
| 23:08 | Build | Farm |
| 23:12 | Queue | Villager (Male) |
| 23:12 | Queue | Villager (Male) |
| 23:12 | Queue | Villager (Male) |
| 23:12 | Queue | Villager (Male) |
| 23:13 | Queue | Villager (Male) |
| 23:13 | Queue | Villager (Male) |
| 23:19 | Queue | Villager (Male) |
| 23:19 | Queue | Villager (Male) |
| 23:22 | Build | Farm |
| 23:33 | Queue | Villager (Male) |
| 23:33 | Queue | Villager (Male) |
| 23:41 | Build | Farm |
| 23:45 | Build | Farm |
| 23:49 | Queue | Villager (Male) |
| 23:49 | Queue | Villager (Male) |
| 23:49 | Queue | Villager (Male) |
| 24:12 | Build | Castle |
| 24:15 | Queue | Villager (Male) |
| 24:15 | Queue | Villager (Male) |
| 24:15 | Queue | Villager (Male) |
| 24:16 | Queue | Villager (Male) |
| 24:16 | Queue | Villager (Male) |
| 24:16 | Queue | Villager (Male) |
| 24:27 | Build | Farm |
| 24:33 | Build | Farm |
| 24:36 | Build | Farm |
| 24:41 | Research | Heavy Plow |
| 24:41 | Research | Heavy Plow |
| 24:42 | Queue | Villager (Male) |
| 24:43 | Queue | Villager (Male) |
| 24:50 | Queue | Villager (Male) |
| 24:50 | Queue | Villager (Male) |
| 24:50 | Queue | Villager (Male) |
| 24:53 | Queue | Villager (Male) |
| 24:54 | Queue | Villager (Male) |
| 25:03 | Research | Bodkin Arrow |
| 25:04 | Research | Bodkin Arrow |
| 25:11 | Build | Farm |
| 25:15 | Build | Farm |
Build order — Matasariano9065
First 150 of 245 actions detected
| 1:34 | Build | Town Center |
| 1:45 | Build | House |
| 3:16 | Build | Palisade Wall |
| 3:18 | Build | Palisade Wall |
| 3:20 | Build | Palisade Wall |
| 3:37 | Queue | Villager (Male) |
| 3:41 | Queue | Villager (Male) |
| 3:51 | Queue | Villager (Male) |
| 3:52 | Queue | Villager (Male) |
| 3:52 | Queue | Villager (Male) |
| 5:20 | Queue | Villager (Male) |
| 5:21 | Queue | Villager (Male) |
| 5:21 | Queue | Villager (Male) |
| 5:39 | Build | House |
| 5:40 | Build | House |
| 5:44 | Queue | Villager (Male) |
| 6:14 | Queue | Villager (Male) |
| 6:31 | Build | Lumber Camp |
| 6:44 | Queue | Villager (Male) |
| 6:51 | Queue | Villager (Male) |
| 6:52 | Queue | Villager (Male) |
| 7:23 | Queue | Villager (Male) |
| 7:28 | Queue | Villager (Male) |
| 7:28 | Queue | Villager (Male) |
| 7:42 | Queue | Villager (Male) |
| 8:35 | Build | Mill |
| 8:36 | Queue | Villager (Male) |
| 8:45 | Build | Mill |
| 9:25 | Queue | Villager (Male) |
| 9:26 | Queue | Villager (Male) |
| 9:31 | Queue | Villager (Male) |
| 9:41 | Queue | Villager (Male) |
| 9:52 | Build | House |
| 10:24 | Queue | Villager (Male) |
| 10:51 | Build | House |
| 11:01 | Queue | Villager (Male) |
| 11:12 | Build | House |
| 11:19 | Research | Feudal Age |
| 11:28 | Build | Mining Camp |
| 11:45 | Queue | Villager (Male) |
| 11:46 | Queue | Villager (Male) |
| 13:00 | Research | Loom |
| 13:01 | Queue | Villager (Male) |
| 13:46 | Age | Feudal Age |
| 13:48 | Build | Blacksmith |
| 14:02 | Build | Market |
| 14:24 | Queue | Villager (Male) |
| 14:50 | Research | Castle Age |
| 14:50 | Research | Castle Age |
| 15:14 | Build | House |
| 15:44 | Queue | Villager (Male) |
| 15:52 | Research | Fletching |
| 16:15 | Research | Double-Bit Axe |
| 16:37 | Queue | Villager (Male) |
| 17:30 | Age | Castle Age |
| 17:34 | Build | Castle |
| 18:03 | Queue | Villager (Male) |
| 18:18 | Queue | Villager (Male) |
| 18:49 | Queue | Villager (Male) |
| 19:05 | Queue | Rattan Archer |
| 19:05 | Queue | Rattan Archer |
| 19:30 | Build | Town Center |
| 19:34 | Queue | Villager (Male) |
| 19:46 | Queue | Villager (Male) |
| 19:56 | Queue | Rattan Archer |
| 19:56 | Queue | Rattan Archer |
| 19:57 | Queue | Rattan Archer |
| 20:11 | Queue | Villager (Male) |
| 20:33 | Queue | Villager (Male) |
| 20:44 | Queue | Villager (Male) |
| 20:55 | Build | Mining Camp |
| 21:05 | Queue | Villager (Male) |
| 21:05 | Queue | Villager (Male) |
| 21:23 | Queue | Villager (Male) |
| 21:25 | Queue | Rattan Archer |
| 21:25 | Queue | Rattan Archer |
| 21:32 | Queue | Villager (Male) |
| 21:46 | Queue | Villager (Male) |
| 21:56 | Queue | Villager (Male) |
| 22:11 | Queue | Villager (Male) |
| 22:11 | Queue | Villager (Male) |
| 22:17 | Queue | Rattan Archer |
| 22:17 | Queue | Rattan Archer |
| 22:17 | Queue | Rattan Archer |
| 22:23 | Queue | Villager (Male) |
| 22:30 | Queue | Rattan Archer |
| 22:30 | Queue | Rattan Archer |
| 22:37 | Queue | Villager (Male) |
| 22:37 | Queue | Villager (Male) |
| 23:02 | Queue | Rattan Archer |
| 23:02 | Queue | Rattan Archer |
| 23:13 | Queue | Rattan Archer |
| 23:14 | Queue | Villager (Male) |
| 23:16 | Queue | Villager (Male) |
| 23:50 | Queue | Villager (Male) |
| 24:21 | Queue | Villager (Male) |
| 24:22 | Queue | Villager (Male) |
| 24:27 | Queue | Rattan Archer |
| 24:27 | Queue | Rattan Archer |
| 24:31 | Queue | Villager (Male) |
| 24:31 | Queue | Villager (Male) |
| 24:38 | Build | Barracks |
| 24:39 | Queue | Rattan Archer |
| 24:39 | Queue | Rattan Archer |
| 24:53 | Queue | Villager (Male) |
| 24:57 | Build | House |
| 24:59 | Build | House |
| 25:16 | Research | Bodkin Arrow |
| 25:52 | Queue | Villager (Male) |
| 25:52 | Queue | Villager (Male) |
| 26:05 | Build | Farm |
| 26:07 | Build | Farm |
| 26:08 | Build | Farm |
| 26:08 | Build | Farm |
| 26:17 | Build | University |
| 26:37 | Queue | Villager (Male) |
| 26:46 | Queue | Rattan Archer ×2 |
| 26:46 | Queue | Rattan Archer ×2 |
| 26:51 | Queue | Villager (Male) |
| 26:52 | Queue | Villager (Male) |
| 26:53 | Queue | Villager (Male) |
| 26:53 | Queue | Villager (Male) |
| 26:59 | Build | House |
| 26:59 | Build | House |
| 27:00 | Build | House |
| 27:00 | Build | House |
| 27:00 | Build | House |
| 27:01 | Build | House |
| 27:07 | Research | Town Watch |
| 27:49 | Queue | Villager (Male) |
| 28:03 | Research | Ballistics |
| 28:39 | Build | Siege Workshop |
| 28:49 | Queue | Villager (Male) |
| 28:55 | Queue | Rattan Archer |
| 28:55 | Queue | Rattan Archer |
| 28:55 | Queue | Rattan Archer |
| 29:01 | Queue | Villager (Male) |
| 29:01 | Queue | Villager (Male) |
| 29:05 | Research | Wheelbarrow |
| 29:12 | Queue | Mangonel |
| 29:12 | Queue | Mangonel |
| 29:54 | Queue | Rattan Archer |
| 29:55 | Queue | Rattan Archer |
| 29:55 | Queue | Rattan Archer |
| 29:56 | Queue | Villager (Male) |
| 29:56 | Queue | Villager (Male) |
| 29:58 | Queue | Villager (Male) |
| 29:58 | Queue | Villager (Male) |
| 29:58 | Queue | Villager (Male) |
| 29:58 | Queue | Villager (Male) |
Build order — JSJE
First 150 of 340 actions detected
| 0:15 | Build | Town Center |
| 2:42 | Build | House |
| 2:45 | Build | House |
| 2:48 | Queue | Villager (Male) |
| 2:49 | Queue | Villager (Male) |
| 2:49 | Queue | Villager (Male) |
| 2:50 | Queue | Villager (Male) |
| 2:50 | Queue | Villager (Male) |
| 2:51 | Queue | Villager (Male) |
| 3:03 | Research | Loom |
| 3:04 | Queue | Villager (Male) |
| 3:04 | Queue | Villager (Male) |
| 3:05 | Queue | Villager (Male) |
| 4:39 | Queue | Villager (Male) |
| 4:40 | Queue | Villager (Male) |
| 4:40 | Queue | Villager (Male) |
| 5:20 | Queue | Villager (Male) |
| 5:20 | Queue | Villager (Male) |
| 5:47 | Queue | Villager (Male) |
| 5:47 | Queue | Villager (Male) |
| 5:47 | Queue | Villager (Male) |
| 6:10 | Queue | Villager (Male) |
| 6:11 | Queue | Villager (Male) |
| 6:34 | Queue | Villager (Male) |
| 6:34 | Queue | Villager (Male) |
| 6:34 | Queue | Villager (Male) |
| 6:34 | Queue | Villager (Male) |
| 6:50 | Build | House |
| 6:56 | Queue | Villager (Male) |
| 6:57 | Queue | Villager (Male) |
| 6:57 | Queue | Villager (Male) |
| 7:56 | Build | Mule Cart |
| 8:15 | Queue | Villager (Male) |
| 8:15 | Queue | Villager (Male) |
| 8:46 | Build | House |
| 9:22 | Queue | Villager (Male) |
| 9:22 | Queue | Villager (Male) |
| 9:22 | Queue | Villager (Male) |
| 10:01 | Queue | Villager (Male) |
| 10:16 | Build | Mill |
| 10:41 | Queue | Villager (Male) |
| 11:10 | Queue | Villager (Male) |
| 11:18 | Research | Feudal Age |
| 11:32 | Build | Mule Cart |
| 11:40 | Build | House |
| 11:44 | Build | House |
| 11:45 | Build | House |
| 12:57 | Build | Outpost |
| 13:13 | Queue | Villager (Male) |
| 13:13 | Queue | Villager (Male) |
| 14:02 | Age | Feudal Age |
| 14:09 | Build | Market |
| 14:13 | Build | Blacksmith |
| 14:48 | Queue | Villager (Male) |
| 15:09 | Research | Castle Age |
| 15:36 | Build | Outpost |
| 15:55 | Research | Double-Bit Axe |
| 16:14 | Build | Outpost |
| 16:23 | Queue | Villager (Male) |
| 16:23 | Queue | Villager (Male) |
| 16:27 | Research | Town Watch |
| 16:29 | Queue | Villager (Male) |
| 16:29 | Queue | Villager (Male) |
| 17:02 | Build | Outpost |
| 17:57 | Age | Castle Age |
| 18:00 | Build | Siege Workshop |
| 18:02 | Build | Siege Workshop |
| 18:13 | Build | Outpost |
| 18:19 | Queue | Villager (Male) |
| 18:29 | Research | Bow Saw |
| 18:40 | Queue | Battering Ram |
| 18:40 | Queue | Battering Ram |
| 19:04 | Queue | Villager (Male) |
| 19:24 | Queue | Mangonel |
| 19:24 | Queue | Mangonel |
| 19:29 | Queue | Scorpion |
| 19:49 | Queue | Villager (Male) |
| 20:04 | Build | Town Center |
| 20:22 | Queue | Battering Ram |
| 20:23 | Queue | Battering Ram |
| 20:45 | Queue | Villager (Male) |
| 20:45 | Queue | Villager (Male) |
| 21:08 | Queue | Villager (Male) |
| 21:20 | Queue | Villager (Male) |
| 21:26 | Build | House |
| 21:48 | Build | Town Center |
| 22:18 | Queue | Scorpion |
| 22:18 | Queue | Scorpion |
| 22:32 | Queue | Villager (Male) |
| 22:33 | Queue | Villager (Male) |
| 22:33 | Queue | Villager (Male) |
| 22:33 | Queue | Villager (Male) |
| 22:48 | Queue | Villager (Male) |
| 22:48 | Queue | Villager (Male) |
| 23:12 | Queue | Villager (Male) |
| 23:12 | Queue | Villager (Male) |
| 23:12 | Queue | Villager (Male) |
| 23:19 | Queue | Scorpion |
| 23:20 | Queue | Scorpion |
| 23:45 | Queue | Villager (Male) |
| 23:45 | Queue | Villager (Male) |
| 24:21 | Queue | Villager (Male) |
| 24:21 | Queue | Villager (Male) |
| 24:21 | Queue | Villager (Male) |
| 24:23 | Queue | Scorpion |
| 24:24 | Queue | Scorpion |
| 24:29 | Queue | Villager (Male) |
| 24:29 | Queue | Villager (Male) |
| 24:32 | Build | House |
| 24:34 | Build | Farm |
| 24:35 | Build | Farm |
| 24:38 | Research | Horse Collar |
| 24:54 | Build | Mill |
| 25:06 | Queue | Villager (Male) |
| 25:06 | Queue | Villager (Male) |
| 25:09 | Queue | Battering Ram |
| 25:24 | Queue | Villager (Male) |
| 25:30 | Build | Farm |
| 25:35 | Build | House |
| 25:41 | Build | Farm |
| 25:43 | Build | Farm |
| 25:44 | Build | Farm |
| 25:59 | Queue | Scorpion |
| 25:59 | Queue | Scorpion |
| 26:00 | Queue | Villager (Male) |
| 26:00 | Queue | Villager (Male) |
| 26:03 | Build | House |
| 26:12 | Build | House |
| 26:16 | Build | Mill |
| 26:22 | Queue | Villager (Male) |
| 26:22 | Queue | Villager (Male) |
| 26:22 | Queue | Villager (Male) |
| 26:32 | Build | House |
| 26:44 | Queue | Scorpion |
| 26:59 | Queue | Villager (Male) |
| 26:59 | Queue | Villager (Male) |
| 26:59 | Queue | Villager (Male) |
| 27:00 | Queue | Villager (Male) |
| 27:19 | Queue | Villager (Male) |
| 27:20 | Queue | Villager (Male) |
| 27:43 | Queue | Villager (Male) |
| 27:48 | Build | Barracks |
| 28:06 | Build | House |
| 28:33 | Queue | Scorpion |
| 28:37 | Build | Siege Workshop |
| 28:52 | Queue | Villager (Male) |
| 28:52 | Queue | Villager (Male) |
| 28:53 | Queue | Villager (Male) |
| 29:12 | Queue | Villager (Male) |
| 29:12 | Queue | Villager (Male) |
Build order — Cristian Monzon
First 150 of 200 actions detected
| 0:39 | Build | Town Center |
| 0:53 | Build | House |
| 3:02 | Build | House |
| 3:22 | Queue | Villager (Male) |
| 3:23 | Queue | Villager (Male) |
| 3:23 | Queue | Villager (Male) |
| 3:23 | Queue | Villager (Male) |
| 3:26 | Queue | Villager (Male) |
| 3:26 | Queue | Villager (Male) |
| 4:39 | Queue | Villager (Male) |
| 4:39 | Queue | Villager (Male) |
| 5:23 | Research | Loom |
| 5:24 | Queue | Villager (Male) |
| 5:24 | Queue | Villager (Male) |
| 5:25 | Queue | Villager (Male) |
| 5:40 | Queue | Villager (Male) |
| 5:40 | Queue | Villager (Male) |
| 5:59 | Queue | Villager (Male) |
| 5:59 | Queue | Villager (Male) |
| 6:26 | Queue | Villager (Male) |
| 6:26 | Queue | Villager (Male) |
| 6:46 | Queue | Villager (Male) |
| 6:47 | Queue | Villager (Male) |
| 6:57 | Build | Mill |
| 7:27 | Queue | Villager (Male) |
| 7:28 | Queue | Villager (Male) |
| 7:28 | Queue | Villager (Male) |
| 7:32 | Build | House |
| 7:34 | Build | House |
| 8:11 | Queue | Villager (Male) |
| 8:12 | Queue | Villager (Male) |
| 8:12 | Queue | Villager (Male) |
| 9:01 | Queue | Villager (Male) |
| 10:07 | Queue | Villager (Male) |
| 10:12 | Build | Lumber Camp |
| 10:48 | Research | Feudal Age |
| 11:20 | Build | House |
| 11:33 | Queue | Villager (Male) |
| 11:33 | Queue | Villager (Male) |
| 12:14 | Build | Outpost |
| 12:39 | Queue | Villager (Male) |
| 12:52 | Age | Feudal Age |
| 12:54 | Build | Watch Tower |
| 12:58 | Queue | Villager (Male) |
| 13:12 | Build | Palisade Wall |
| 13:14 | Build | Palisade Wall |
| 13:16 | Build | Palisade Wall |
| 13:19 | Build | Palisade Wall |
| 13:21 | Build | Palisade Wall |
| 13:24 | Build | Palisade Wall |
| 13:26 | Build | Palisade Wall |
| 13:30 | Build | Palisade Wall |
| 13:32 | Build | Palisade Wall |
| 13:34 | Build | Palisade Wall |
| 13:34 | Build | Palisade Wall |
| 13:35 | Build | Palisade Wall |
| 13:48 | Build | Palisade Wall |
| 13:50 | Build | Palisade Wall |
| 13:54 | Build | Palisade Wall |
| 13:55 | Queue | Villager (Male) |
| 13:56 | Queue | Villager (Male) |
| 14:10 | Build | Palisade Wall |
| 14:13 | Build | Palisade Wall |
| 14:16 | Build | Palisade Wall |
| 14:21 | Build | Watch Tower |
| 14:32 | Build | Watch Tower |
| 14:57 | Queue | Villager (Male) |
| 14:57 | Queue | Villager (Male) |
| 15:27 | Build | Watch Tower |
| 15:37 | Build | Watch Tower |
| 15:46 | Queue | Villager (Male) |
| 15:46 | Queue | Villager (Male) |
| 16:16 | Queue | Villager (Male) |
| 16:16 | Queue | Villager (Male) |
| 16:41 | Queue | Villager (Male) |
| 16:57 | Build | Barracks |
| 16:57 | Queue | Villager (Male) |
| 16:58 | Queue | Villager (Male) |
| 17:03 | Build | House |
| 17:04 | Build | House |
| 17:24 | Build | Outpost |
| 17:30 | Build | Stable |
| 18:01 | Queue | Scout Cavalry |
| 18:01 | Queue | Scout Cavalry |
| 18:09 | Build | Mining Camp |
| 18:26 | Queue | Villager (Male) |
| 18:27 | Queue | Villager (Male) |
| 18:52 | Queue | Villager (Male) |
| 18:52 | Queue | Villager (Male) |
| 19:07 | Build | Watch Tower |
| 19:23 | Build | Watch Tower |
| 19:51 | Build | Watch Tower |
| 20:32 | Queue | Villager (Male) |
| 20:32 | Queue | Villager (Male) |
| 20:33 | Queue | Villager (Male) |
| 21:05 | Queue | Villager (Male) |
| 21:05 | Queue | Villager (Male) |
| 21:59 | Queue | Villager (Male) |
| 21:59 | Queue | Villager (Male) |
| 22:32 | Queue | Villager (Male) |
| 23:02 | Build | Mining Camp |
| 23:07 | Build | Watch Tower |
| 23:10 | Queue | Scout Cavalry |
| 23:10 | Queue | Scout Cavalry |
| 23:10 | Queue | Scout Cavalry |
| 23:27 | Queue | Villager (Male) |
| 23:27 | Queue | Villager (Male) |
| 24:06 | Queue | Scout Cavalry |
| 24:06 | Queue | Scout Cavalry |
| 24:06 | Queue | Scout Cavalry |
| 24:10 | Queue | Villager (Male) |
| 24:10 | Queue | Villager (Male) |
| 24:13 | Build | Farm |
| 24:41 | Queue | Villager (Male) |
| 24:41 | Queue | Villager (Male) |
| 24:43 | Build | Farm |
| 25:19 | Build | Palisade Wall |
| 25:20 | Build | Palisade Wall |
| 25:21 | Build | Palisade Wall |
| 25:21 | Build | Palisade Wall |
| 25:22 | Build | Palisade Wall |
| 25:24 | Build | Palisade Wall |
| 25:29 | Queue | Villager (Male) |
| 25:29 | Queue | Villager (Male) |
| 25:48 | Queue | Villager (Male) |
| 25:49 | Queue | Villager (Male) |
| 26:04 | Queue | Villager (Male) |
| 26:05 | Queue | Villager (Male) |
| 26:09 | Build | Outpost |
| 26:23 | Queue | Villager (Male) |
| 26:37 | Research | Town Watch |
| 26:54 | Build | Outpost |
| 27:01 | Queue | Villager (Male) |
| 27:01 | Queue | Villager (Male) |
| 27:05 | Research | Town Watch |
| 27:06 | Queue | Villager (Male) |
| 27:06 | Queue | Villager (Male) |
| 27:09 | Queue | Villager (Male) |
| 27:21 | Build | Market |
| 27:35 | Queue | Scout Cavalry |
| 27:35 | Queue | Scout Cavalry |
| 28:04 | Queue | Scout Cavalry |
| 28:05 | Queue | Scout Cavalry |
| 30:11 | Research | Wheelbarrow |
| 30:40 | Build | Lumber Camp |
| 31:22 | Build | Mining Camp |
| 32:58 | Build | Town Center |
| 34:08 | Queue | Villager (Male) |
| 34:09 | Queue | Villager (Male) |
| 34:13 | Build | House |
Build order — SpawnShark
First 150 of 463 actions detected
| 0:04 | Build | Town Center |
| 2:42 | Queue | Villager (Male) |
| 2:42 | Queue | Villager (Male) |
| 2:43 | Queue | Villager (Male) |
| 2:43 | Queue | Villager (Male) |
| 2:43 | Queue | Villager (Male) |
| 2:51 | Build | House |
| 3:46 | Build | Outpost |
| 3:50 | Queue | Villager (Male) |
| 3:50 | Queue | Villager (Male) |
| 4:21 | Queue | Villager (Male) |
| 5:00 | Build | Lumber Camp |
| 5:23 | Queue | Villager (Male) |
| 5:26 | Queue | Villager (Male) |
| 5:26 | Queue | Villager (Male) |
| 5:54 | Build | House |
| 5:57 | Research | Loom |
| 6:13 | Build | Outpost |
| 6:29 | Queue | Villager (Male) |
| 6:31 | Queue | Villager (Male) |
| 6:31 | Queue | Villager (Male) |
| 7:00 | Queue | Villager (Male) |
| 7:08 | Queue | Villager (Male) |
| 7:19 | Build | Palisade Wall |
| 7:25 | Build | Mill |
| 7:40 | Queue | Villager (Male) |
| 7:46 | Build | House |
| 7:55 | Queue | Villager (Male) |
| 8:27 | Build | House |
| 8:30 | Queue | Villager (Male) |
| 8:30 | Queue | Villager (Male) |
| 10:19 | Research | Feudal Age |
| 10:19 | Research | Feudal Age |
| 10:57 | Build | Barracks |
| 11:08 | Build | Outpost |
| 11:12 | Queue | Villager (Male) |
| 11:13 | Queue | Villager (Male) |
| 11:53 | Build | Palisade Wall |
| 12:18 | Build | Palisade Wall |
| 12:29 | Build | Palisade Wall |
| 12:29 | Age | Feudal Age |
| 12:38 | Build | Stable |
| 12:45 | Build | Palisade Wall |
| 12:49 | Build | Palisade Wall |
| 12:57 | Research | Double-Bit Axe |
| 12:57 | Research | Double-Bit Axe |
| 12:57 | Research | Double-Bit Axe |
| 12:58 | Queue | Villager (Male) |
| 12:59 | Queue | Villager (Male) |
| 13:12 | Queue | Spearman |
| 13:35 | Queue | Scout Cavalry |
| 13:36 | Queue | Scout Cavalry |
| 13:45 | Build | House |
| 14:06 | Queue | Scout Cavalry |
| 14:07 | Queue | Spearman |
| 14:24 | Queue | Scout Cavalry |
| 14:32 | Queue | Villager (Male) |
| 14:36 | Build | House |
| 14:55 | Queue | Villager (Male) |
| 16:21 | Queue | Villager (Male) |
| 16:37 | Queue | Villager (Male) |
| 16:39 | Queue | Villager (Male) |
| 16:47 | Build | House |
| 16:54 | Queue | Villager (Male) |
| 17:17 | Build | House |
| 17:22 | Build | Market |
| 17:37 | Build | Farm |
| 17:41 | Research | Horse Collar |
| 17:41 | Research | Horse Collar |
| 18:12 | Queue | Villager (Male) |
| 18:26 | Queue | Villager (Male) |
| 18:29 | Build | Farm |
| 18:29 | Build | Farm |
| 18:29 | Build | Farm |
| 18:29 | Build | Farm |
| 18:29 | Build | Farm |
| 18:52 | Build | Farm |
| 18:52 | Build | Farm |
| 18:53 | Build | Farm |
| 18:53 | Build | Farm |
| 18:53 | Build | Farm |
| 18:53 | Build | Farm |
| 18:53 | Build | Farm |
| 18:54 | Queue | Villager (Male) |
| 19:06 | Queue | Spearman |
| 19:21 | Build | Farm |
| 19:23 | Build | Farm |
| 19:36 | Queue | Villager (Male) |
| 19:37 | Queue | Villager (Male) |
| 19:37 | Queue | Villager (Male) |
| 19:48 | Build | House |
| 20:41 | Research | Castle Age |
| 20:41 | Research | Castle Age |
| 20:41 | Research | Castle Age |
| 21:20 | Queue | Villager (Male) |
| 23:21 | Age | Castle Age |
| 23:36 | Build | Town Center |
| 23:42 | Queue | Villager (Male) |
| 23:48 | Build | Town Center |
| 23:51 | Research | Bow Saw |
| 23:51 | Research | Bow Saw |
| 23:58 | Queue | Villager (Male) |
| 23:59 | Queue | Villager (Male) |
| 24:00 | Queue | Villager (Male) |
| 24:00 | Queue | Villager (Male) |
| 24:49 | Build | Town Center |
| 25:20 | Queue | Villager (Male) |
| 25:20 | Queue | Villager (Male) |
| 25:26 | Queue | Villager (Male) |
| 25:26 | Queue | Villager (Male) |
| 25:41 | Research | Heavy Plow |
| 25:43 | Queue | Villager (Male) |
| 25:43 | Queue | Villager (Male) |
| 25:47 | Build | Farm |
| 25:54 | Build | Farm |
| 25:56 | Queue | Villager (Male) |
| 25:57 | Queue | Villager (Male) |
| 25:57 | Queue | Villager (Male) |
| 26:11 | Queue | Villager (Male) |
| 26:14 | Queue | Villager (Male) |
| 26:14 | Queue | Villager (Male) |
| 26:19 | Build | House |
| 26:20 | Queue | Villager (Male) |
| 26:20 | Queue | Villager (Male) |
| 26:23 | Build | Farm |
| 26:29 | Build | Farm |
| 26:33 | Build | Farm |
| 26:37 | Build | Farm |
| 26:38 | Queue | Villager (Male) |
| 26:38 | Queue | Villager (Male) |
| 26:42 | Build | Farm |
| 26:42 | Queue | Villager (Male) |
| 26:54 | Build | Farm |
| 26:55 | Build | Farm |
| 26:55 | Build | Farm |
| 26:55 | Build | Farm |
| 26:56 | Build | Farm |
| 26:56 | Build | Farm |
| 26:57 | Queue | Villager (Male) |
| 26:57 | Queue | Villager (Male) |
| 26:58 | Queue | Villager (Male) |
| 26:58 | Queue | Villager (Male) |
| 27:01 | Build | House |
| 27:16 | Queue | Villager (Male) |
| 27:17 | Queue | Villager (Male) |
| 27:21 | Build | Farm |
| 27:23 | Queue | Villager (Male) |
| 27:24 | Queue | Villager (Male) |
| 27:27 | Build | House |
| 27:28 | Build | House |
Build order — CTM | Franco*
122 actions detected in the replay
| 0:50 | Build | Town Center |
| 1:25 | Build | House |
| 1:26 | Build | House |
| 1:27 | Build | House |
| 1:28 | Build | House |
| 3:09 | Research | Loom |
| 3:43 | Queue | Villager (Male) |
| 3:43 | Queue | Villager (Male) |
| 3:44 | Queue | Villager (Male) |
| 4:33 | Queue | Villager (Male) |
| 4:33 | Queue | Villager (Male) |
| 5:00 | Queue | Villager (Male) |
| 5:00 | Queue | Villager (Male) |
| 5:21 | Queue | Villager (Male) |
| 5:21 | Queue | Villager (Male) |
| 6:01 | Queue | Villager (Male) |
| 6:01 | Queue | Villager (Male) |
| 6:20 | Queue | Villager (Male) |
| 6:20 | Queue | Villager (Male) |
| 7:03 | Queue | Villager (Male) |
| 7:04 | Queue | Villager (Male) |
| 7:30 | Queue | Villager (Male) |
| 7:31 | Queue | Villager (Male) |
| 7:34 | Queue | Villager (Male) |
| 7:34 | Queue | Villager (Male) |
| 7:34 | Queue | Villager (Male) |
| 7:43 | Queue | Villager (Male) |
| 7:43 | Queue | Villager (Male) |
| 8:15 | Queue | Villager (Male) |
| 8:41 | Queue | Villager (Male) |
| 8:41 | Queue | Villager (Male) |
| 9:25 | Build | Lumber Camp |
| 9:28 | Queue | Villager (Male) |
| 9:38 | Queue | Villager (Male) |
| 10:43 | Queue | Villager (Male) |
| 11:29 | Queue | Villager (Male) |
| 11:50 | Queue | Villager (Male) |
| 12:27 | Queue | Villager (Male) |
| 13:49 | Build | Mill |
| 16:54 | Build | Mill |
| 17:51 | Research | Feudal Age |
| 20:01 | Age | Feudal Age |
| 20:35 | Queue | Villager (Male) |
| 20:36 | Queue | Villager (Male) |
| 21:51 | Build | Town Center |
| 22:28 | Research | Horse Collar |
| 23:17 | Research | Double-Bit Axe |
| 24:14 | Research | Castle Age |
| 25:13 | Build | Mining Camp |
| 25:52 | Research | Gold Mining |
| 25:53 | Research | Stone Mining |
| 26:26 | Research | Wheelbarrow |
| 26:54 | Age | Castle Age |
| 26:57 | Build | Siege Workshop |
| 27:00 | Queue | Villager (Male) |
| 27:51 | Queue | Scorpion ×4 |
| 28:02 | Build | House |
| 28:03 | Build | House |
| 28:04 | Build | House |
| 28:10 | Build | Farm |
| 28:12 | Build | Farm |
| 28:13 | Build | Farm |
| 28:14 | Build | Farm |
| 28:16 | Build | Farm |
| 28:31 | Build | Farm |
| 28:34 | Build | Farm |
| 28:35 | Build | Farm |
| 28:37 | Build | Farm |
| 29:24 | Queue | Villager (Male) |
| 29:25 | Queue | Villager (Male) |
| 29:36 | Build | House |
| 29:37 | Build | House |
| 29:38 | Build | House |
| 30:02 | Build | House |
| 30:03 | Build | House |
| 30:09 | Research | Heavy Plow |
| 30:13 | Build | Farm |
| 30:14 | Build | Farm |
| 30:17 | Build | Farm |
| 30:31 | Build | University |
| 30:40 | Build | Town Center |
| 30:45 | Queue | Villager (Male) |
| 30:47 | Queue | Villager (Male) |
| 31:04 | Queue | Villager (Male) |
| 31:46 | Build | House |
| 31:46 | Build | House |
| 31:47 | Build | House |
| 32:29 | Queue | Villager (Male) |
| 32:29 | Queue | Villager (Male) |
| 32:30 | Queue | Villager (Male) |
| 32:30 | Queue | Villager (Male) |
| 32:31 | Queue | Villager (Male) |
| 32:31 | Queue | Villager (Male) |
| 32:32 | Queue | Villager (Male) |
| 32:32 | Queue | Villager (Male) |
| 32:32 | Queue | Villager (Male) |
| 33:01 | Build | Farm |
| 33:13 | Research | Bow Saw |
| 33:26 | Build | Farm |
| 33:58 | Queue | Villager (Male) |
| 33:59 | Queue | Villager (Male) |
| 34:00 | Queue | Villager (Male) |
| 34:06 | Build | Farm |
| 34:16 | Queue | Villager (Male) |
| 34:17 | Queue | Villager (Male) |
| 34:18 | Queue | Villager (Male) |
| 34:24 | Research | Gold Shaft Mining |
| 34:28 | Build | Farm |
| 34:51 | Research | Town Watch |
| 34:57 | Build | House |
| 35:00 | Build | House |
| 35:01 | Build | House |
| 35:02 | Build | House |
| 35:03 | Build | House |
| 35:04 | Build | House |
| 35:18 | Queue | Villager (Male) |
| 35:19 | Queue | Villager (Male) |
| 35:20 | Queue | Villager (Male) |
| 37:06 | Build | Blacksmith |
| 38:15 | Build | Blacksmith |
| 39:06 | Research | Fletching |
| 41:48 | Research | Bodkin Arrow |
Match timeline
| 3:16 | Matasariano9065 · wall_segment Palisade Wall x1 |
| 3:18 | Matasariano9065 · wall_segment Palisade Wall x1 |
| 3:20 | Matasariano9065 · wall_segment Palisade Wall x1 |
| 6:25 | PSX | King · wall_segment Palisade Wall x1 |
| 7:19 | SpawnShark · wall_segment Palisade Wall x1 |
| 10:57 | SpawnShark · first_building Barracks |
| 11:53 | SpawnShark · wall_segment Palisade Wall x1 |
| 12:04 | BateFoFo · age_up feudal |
| 12:18 | SpawnShark · wall_segment Palisade Wall x1 |
| 12:29 | SpawnShark · wall_segment Palisade Wall x1 |
| 12:29 | SpawnShark · age_up feudal |
| 12:38 | SpawnShark · first_building Stable |
| 12:45 | SpawnShark · wall_segment Palisade Wall x1 |
| 12:49 | SpawnShark · wall_segment Palisade Wall x1 |
| 12:52 | Cristian Monzon · age_up feudal |
| 12:53 | Melioth · first_building Barracks |
| 13:12 | Cristian Monzon · wall_segment Palisade Wall x1 |
| 13:14 | Cristian Monzon · wall_segment Palisade Wall x1 |
| 13:16 | Cristian Monzon · wall_segment Palisade Wall x1 |
| 13:19 | Cristian Monzon · wall_segment Palisade Wall x1 |
| 13:21 | Cristian Monzon · wall_segment Palisade Wall x1 |
| 13:24 | Cristian Monzon · wall_segment Palisade Wall x1 |
| 13:26 | Cristian Monzon · wall_segment Palisade Wall x1 |
| 13:30 | Cristian Monzon · wall_segment Palisade Wall x1 |
| 13:32 | Cristian Monzon · wall_segment Palisade Wall x1 |
| 13:34 | Cristian Monzon · wall_segment Palisade Wall x1 |
| 13:34 | Cristian Monzon · wall_segment Palisade Wall x1 |
| 13:35 | Cristian Monzon · wall_segment Palisade Wall x1 |
| 13:44 | Melioth · age_up feudal |
| 13:46 | Matasariano9065 · age_up feudal |
| 13:48 | Cristian Monzon · wall_segment Palisade Wall x7 |
| 13:49 | Melioth · first_building Archery Range |
| 13:50 | Cristian Monzon · wall_segment Palisade Wall x4 |
| 13:54 | Cristian Monzon · wall_segment Palisade Wall x1 |
| 14:02 | JSJE · age_up feudal |
| 14:03 | BateFoFo · first_market_sell 100 food |
| 14:10 | Cristian Monzon · wall_segment Palisade Wall x1 |
| 14:13 | Cristian Monzon · wall_segment Palisade Wall x1 |
| 14:16 | Cristian Monzon · wall_segment Palisade Wall x1 |
| 15:42 | PSX | King · age_up feudal |
| 16:49 | BateFoFo · age_up castle |
| 16:57 | Cristian Monzon · first_building Barracks |
| 17:06 | BateFoFo · first_market_buy 100 wood |
| 17:30 | Matasariano9065 · age_up castle |
| 17:30 | Cristian Monzon · first_building Stable |
| 17:34 | Matasariano9065 · first_building Castle |
| 17:57 | JSJE · age_up castle |
| 18:00 | JSJE · first_building Siege Workshop |
| 19:12 | PSX | King · age_up castle |
| 19:14 | JSJE · first_market_buy 100 wood |
| 19:21 | PSX | King · first_market_buy 100 wood |
| 20:01 | CTM | Franco* · age_up feudal |
| 20:13 | SpawnShark · first_market_buy 100 food |
| 20:14 | SpawnShark · first_market_sell 100 wood |
| 21:04 | PSX | King · first_building Castle |
| 21:10 | BateFoFo · first_building Castle |
| 22:24 | PSX | King · first_market_sell 100 food |
| 23:21 | SpawnShark · age_up castle |
| 23:21 | Matasariano9065 · first_market_sell 100 wood |
| 23:24 | Matasariano9065 · first_market_buy 100 food |
| 24:38 | Matasariano9065 · first_building Barracks |
| 25:19 | Cristian Monzon · wall_segment Palisade Wall x1 |
| 25:20 | Cristian Monzon · wall_segment Palisade Wall x1 |
| 25:21 | Cristian Monzon · wall_segment Palisade Wall x1 |
| 25:21 | Cristian Monzon · wall_segment Palisade Wall x1 |
| 25:22 | Cristian Monzon · wall_segment Palisade Wall x1 |
| 25:24 | Cristian Monzon · wall_segment Palisade Wall x1 |
| 26:54 | CTM | Franco* · age_up castle |
| 26:57 | CTM | Franco* · first_building Siege Workshop |
| 27:33 | PSX | King · first_building Barracks |
| 27:48 | JSJE · first_building Barracks |
| 28:03 | SpawnShark · first_building Monastery |
| 28:13 | Melioth · age_up castle |
| 28:26 | PSX | King · first_building Archery Range |
| 28:37 | Melioth · first_building Stable |
| 28:38 | PSX | King · first_building Siege Workshop |
| 28:39 | Matasariano9065 · first_building Siege Workshop |
| 30:14 | JSJE · first_building Archery Range |
| 30:24 | SpawnShark · wall_segment Stone Wall x1 |
| 30:28 | Matasariano9065 · first_building Monastery |
| 30:36 | BateFoFo · first_building Barracks |
| 31:42 | BateFoFo · first_building Stable |
| 32:02 | PSX | King · first_building Monastery |
| 32:29 | PSX | King · first_building Stable |
| 33:42 | BateFoFo · age_up imperial |
| 34:50 | JSJE · first_building Castle |
| 34:55 | JSJE · first_building Monastery |
| 36:49 | SpawnShark · age_up imperial |
| 37:37 | JSJE · wall_segment Stone Wall x31 |
| 37:55 | PSX | King · age_up imperial |
| 38:48 | SpawnShark · first_building Castle |
| 38:59 | Cristian Monzon · age_up castle |
| 39:04 | Melioth · first_building Monastery |
| 39:16 | Cristian Monzon · first_building Castle |
| 39:56 | SpawnShark · first_building Siege Workshop |
| 40:22 | JSJE · age_up imperial |
| 40:49 | BateFoFo · first_building Siege Workshop |
| 40:59 | SpawnShark · wall_segment Stone Wall x3 |
| 41:01 | SpawnShark · wall_segment Stone Wall x8 |
| 42:23 | PSX | King · resign |
[ AI ANALYSIS · 1 CREDIT ]
What really happened in this match?
Wolo.gg analyzes every decision: build order, eco, micro, common mistakes by bracket. Personalized analysis on WhatsApp or Discord in 30 seconds.
Civ guide
Huns
Perfil
Jugador #2362315